AoeStats
← ssjpipe1

Arabia

510660391Analyzed
1v1 RM · 14h ago on Oct 2, 2026· 39m 50s· 2 players
Game mode
Random Map
Map size
Tiny (2 player)
Population
200
Speed
Normal
Resources
Standard
Victory
Conquest
Starting age
Dark Age
Ending age
Imperial Age
RankedLock teamsTeams togetherTeam positionsShared explorationLock speedFull tech treeHidden civsTurbo modeCheats
Victory
Defeat
🇨🇱 Lithuanians · Chile
832
+16
🇨🇱 Inca · Chile
834
-16
ssjpipe1
10:10 Feudal Age
9:23 Loom
20:16 Forging
20:11 Double-Bit Axe
24:12 Castle Age
22:23 Man-at-Arms
23:36 Bloodlines
23:20 Gold Mining
23:41 Horse Collar
24:33 Scale Mail Armor
25:59 Bow Saw
25:42 Long Swordsman
28:01 Squires
37:48 Wheelbarrow
37:58 Town Watch
41:50 Imperial Age
39:36 Hand Cart
40:23 Iron Casting
afrogao
3:11 Loom
10:57 Feudal Age
21:09 Scale Mail Armor
21:03 Double-Bit Axe
22:46 Wheelbarrow
22:09 Horse Collar
24:04 Arson
23:41 Champi Runner
25:10 Forging
27:16 Castle Age
26:16 Gold Mining
26:17 Stone Mining
26:59 Fletching
27:41 Champi Warrior
28:24 Squires
27:46 Pikeman
28:35 Heavy Plow
29:10 Town Watch
29:41 Bow Saw
30:45 Chain Mail Armor
33:42 Iron Casting
33:02 Bodkin Arrow
35:22 Hand Cart
36:57 Town Patrol
41:12 Imperial Age
39:36 Andean Sling
Connection lost

Rejoining the realm…

Still unreachable

The connection could not be restored.

Session expired

The server has moved on; the page needs a fresh start.